TOP OF THE 1ST |
San Mateo Dirty Reds batting - Pitching for Hollywood Shredders : RHP Tony Cowan
|
Pitching: RHP Tony Cowan
|
|
Batting: RHB Jorge Martínez
|
0-0: Called Strike 0-1: Called Strike 0-2: Fly out, F7 (Flyball, 7LS, EV 93.8 MPH)
|
Batting: LHB Niek Breugelmans
|
0-0: Ball 1-0: Swinging Strike 1-1: Ball 2-1: Swinging Strike 2-2: Foul Ball, location: 2F 2-2: Fly out, F7 (Flyball, 7, EV 94.4 MPH)
|
Batting: SHB Jae-woo Ohm
|
0-0: Ball 1-0: SINGLE (Line Drive, 56D, EV 96.2 MPH)
|
Batting: LHB Matsusuke Saikawa
|
0-0: Fly out, F9 (Flyball, 89M, EV 93.8 MPH)
|
Top of the 1st over - 0 runs, 1 hit, 0 errors, 1 left on base; San Mateo 0 - Hollywood 0 |
BOTTOM OF THE 1ST |
Hollywood Shredders batting - Pitching for San Mateo Dirty Reds : LHP Jorge González
|
Pitching: LHP Jorge González
|
|
Batting: RHB Lautaro Lacasa
|
0-0: Ball 1-0: Called Strike 1-1: Ball 2-1: Fly out, F7 (Line Drive, 78M, EV 89.4 MPH)
|
Batting: RHB Miguel Bustamante
|
0-0: Ball 1-0: Ball 2-0: Ball 3-0: Called Strike 3-1: Base on Balls
|
Batting: RHB Tom Smythe
|
0-0: Ball 1-0: Ball 2-0: Called Strike 2-1: Called Strike 2-2: Ball 3-2: Strikes out swinging
|
Batting: RHB Jake White
|
0-0: Fly out, F8 (Flyball, 8RM, EV 92.5 MPH)
|
Bottom of the 1st over - 0 runs, 0 hits, 0 errors, 1 left on base; San Mateo 0 - Hollywood 0 |
TOP OF THE 2ND |
San Mateo Dirty Reds batting - Pitching for Hollywood Shredders : RHP Tony Cowan
|
Batting: LHB Quitério Ruah
|
0-0: Called Strike 0-1: Called Strike 0-2: SINGLE (Line Drive, 8RS, EV 105.6 MPH)
|
Batting: SHB Rich Dalzell
|
0-0: Fly out, F3 (Popup, 3F, EV 64.4 MPH)
|
Batting: RHB José Avilés
|
0-0: Fly out, F9 (Flyball, 89D, EV 102.5 MPH)
|
Batting: RHB Kawenaula Alohalani
|
0-0: Ball 1-0: Foul Ball, location: 2F 1-1: 2-RUN HOME RUN (Flyball, 89XD, EV 98.8 MPH), Distance : 406 ft
|
Batting: RHB Emílio Soto
|
0-0: Swinging Strike 0-1: Ball 1-1: Ball 2-1: Called Strike 2-2: Strikes out swinging
|
Top of the 2nd over - 2 runs, 2 hits, 0 errors, 0 left on base; San Mateo 2 - Hollywood 0 |
BOTTOM OF THE 2ND |
Hollywood Shredders batting - Pitching for San Mateo Dirty Reds : LHP Jorge González
|
Batting: LHB Yamato Sato
|
0-0: Foul Ball, location: 2F 0-1: Ground out 4-3 (Groundball, 4, EV 103.8 MPH)
|
Batting: LHB Trent Brown
|
0-0: Swinging Strike 0-1: Swinging Strike 0-2: Ball 1-2: Foul Ball, location: 2F 1-2: Strikes out swinging
|
Batting: RHB Adrián Serrano
|
0-0: Ball 1-0: Called Strike 1-1: Ball 2-1: Ball 3-1: Ground out 5-3 (Groundball, 56S, EV 71.2 MPH)
|
Bottom of the 2nd over - 0 runs, 0 hits, 0 errors, 0 left on base; San Mateo 2 - Hollywood 0 |
TOP OF THE 3RD |
San Mateo Dirty Reds batting - Pitching for Hollywood Shredders : RHP Tony Cowan
|
Batting: RHB Jorge Martínez
|
0-0: Called Strike 0-1: Foul Ball, location: 2F 0-2: Strikes out looking
|
Batting: LHB Niek Breugelmans
|
0-0: Ball 1-0: Called Strike 1-1: Ball 2-1: Foul Ball, location: 2F 2-2: Foul Ball, location: 2F 2-2: Foul Ball, location: 2F 2-2: Ball 3-2: Foul Ball, location: 2F 3-2: Foul Ball, location: 2F 3-2: Strikes out swinging
|
Batting: SHB Jae-woo Ohm
|
0-0: Foul Ball, location: 2F 0-1: Foul Ball, location: 2F 0-2: Foul Ball, location: 2F 0-2: Strikes out swinging
|
Top of the 3rd over - 0 runs, 0 hits, 0 errors, 0 left on base; San Mateo 2 - Hollywood 0 |
BOTTOM OF THE 3RD |
Hollywood Shredders batting - Pitching for San Mateo Dirty Reds : LHP Jorge González
|
Batting: RHB Daniel MacKinder
|
0-0: Ball 1-0: Called Strike 1-1: Called Strike 1-2: Ball 2-2: Ball 3-2: Base on Balls
|
Batting: LHB Mitsuoki Sugimoto
|
0-0: Ball Daniel MacKinder steals 2nd, throwing error, E2 Daniel MacKinder to third 1-0: Called Strike 1-1: Called Strike 1-2: Ball 2-2: Ball 3-2: Strikes out looking
|
Batting: RHB Lautaro Lacasa
|
0-0: Foul Ball, location: 2F 0-1: Foul Ball, location: 2F 0-2: Ball 1-2: Foul Ball, location: 2F 1-2: Foul Ball, location: 2F 1-2: Ball 2-2: SINGLE (Groundball, 56, EV 98.1 MPH) (infield hit) Daniel MacKinder scores
|
Batting: RHB Miguel Bustamante
|
0-0: Called Strike 0-1: Called Strike 0-2: Ball 1-2: Foul Ball, location: 2F 1-2: SINGLE (Groundball, 56D, EV 106.9 MPH) Lautaro Lacasa to second Runner from 2nd tries for 3rd, SAFE, no throw by LF
|
Batting: RHB Tom Smythe
|
0-0: Called Strike 0-1: Fly out, F9 (Line Drive, 9LM, EV 96.2 MPH) Runner from 3rd tags up, SCORES, no throw by RF
|
Batting: RHB Jake White
|
0-0: Ball 1-0: Ball 2-0: Ball 3-0: Called Strike 3-1: SINGLE (Flyball, 9LS, EV 90.0 MPH) Miguel Bustamante to second Runner from 2nd tries for 3rd, SAFE, no throw by RF
|
Batting: LHB Yamato Sato
|
0-0: SINGLE (Groundball, 13, EV 80.6 MPH) (infield hit) Miguel Bustamante scores Jake White to second
|
Batting: LHB Trent Brown
|
0-0: Ball 1-0: Ground out 4-3 (Groundball, 4MD, EV 78.1 MPH)
|
Bottom of the 3rd over - 3 runs, 4 hits, 1 error, 2 left on base; San Mateo 2 - Hollywood 3 |
TOP OF THE 4TH |
San Mateo Dirty Reds batting - Pitching for Hollywood Shredders : RHP Tony Cowan
|
Batting: LHB Matsusuke Saikawa
|
0-0: Foul Ball, location: 2F 0-1: Foul Ball, location: 2F 0-2: Ball 1-2: SOLO HOME RUN (Flyball, 89XD, EV 107.5 MPH), Distance : 409 ft
|
Batting: LHB Quitério Ruah
|
0-0: Ball 1-0: Ball 2-0: Called Strike 2-1: Foul Ball, location: 2F 2-2: Strikes out swinging
|
Batting: SHB Rich Dalzell
|
0-0: Ground out 1-3 (Groundball, 34S, EV 66.2 MPH)
|
Batting: RHB José Avilés
|
0-0: Ball 1-0: Foul Ball, location: 2F 1-1: Foul Ball, location: 2F 1-2: SINGLE (Line Drive, 6D, EV 100.0 MPH)
|
Batting: RHB Kawenaula Alohalani
|
0-0: Foul Ball, location: 2F 0-1: Ball 1-1: Called Strike 1-2: Ball 2-2: DOUBLE (Line Drive, 5D, EV 94.4 MPH) José Avilés to third
|
Batting: RHB Emílio Soto
|
0-0: Ball 1-0: Called Strike 1-1: Ground out 4-3 (Groundball, 4, EV 105.0 MPH)
|
Top of the 4th over - 1 run, 3 hits, 0 errors, 2 left on base; San Mateo 3 - Hollywood 3 |
BOTTOM OF THE 4TH |
Hollywood Shredders batting - Pitching for San Mateo Dirty Reds : LHP Jorge González
|
Batting: RHB Adrián Serrano
|
0-0: Foul Ball, location: 2F 0-1: SINGLE (Groundball, 56D, EV 96.9 MPH)
|
Batting: RHB Daniel MacKinder
|
0-0: Fielders Choice at 2nd, 1-4 (Groundball, P, EV 63.8 MPH)
|
Batting: LHB Mitsuoki Sugimoto
|
0-0: Ball 1-0: Called Strike Daniel MacKinder is caught stealing 2nd base 2-6 1-1: DOUBLE (Line Drive, 89D, EV 111.2 MPH)
|
Batting: RHB Lautaro Lacasa
|
0-0: Ball 1-0: Foul Ball, location: 2F 1-1: Ball 2-1: Foul Ball, location: 2F 2-2: Foul Ball, location: 2F 2-2: Ground out 6-3 (Groundball, 6S, EV 61.2 MPH)
|
Bottom of the 4th over - 0 runs, 2 hits, 0 errors, 1 left on base; San Mateo 3 - Hollywood 3 |
TOP OF THE 5TH |
San Mateo Dirty Reds batting - Pitching for Hollywood Shredders : RHP Tony Cowan
|
Batting: RHB Jorge Martínez
|
0-0: Called Strike 0-1: DOUBLE (Line Drive, 7LD, EV 101.2 MPH)
|
Batting: LHB Niek Breugelmans
|
0-0: Ball 1-0: Ball 2-0: Ball 3-0: Called Strike 3-1: Ground out 6-3 (Groundball, P, EV 86.9 MPH) Jorge Martínez to third
|
Batting: SHB Jae-woo Ohm
|
0-0: Ball 1-0: Called Strike 1-1: Swinging Strike 1-2: Ball 2-2: DOUBLE (Line Drive, 7LM, EV 101.9 MPH) Jorge Martínez scores
|
Batting: LHB Matsusuke Saikawa
|
0-0: Ball 1-0: Ball 2-0: DOUBLE (Flyball, 8LXD, EV 107.5 MPH) Jae-woo Ohm scores
|
Pitching: RHP Gian-Carlo Maneilli
|
|
Batting: LHB Quitério Ruah
|
0-0: Ground out U3 (Groundball, 3L, EV 104.4 MPH) Matsusuke Saikawa to third
|
Batting: SHB Rich Dalzell
|
0-0: Swinging Strike 0-1: Ball 1-1: Foul Ball, location: 2F 1-2: Ball 2-2: Ball 3-2: Foul Ball, location: 2F 3-2: Foul Ball, location: 2F 3-2: Strikes out swinging
|
Top of the 5th over - 2 runs, 3 hits, 0 errors, 1 left on base; San Mateo 5 - Hollywood 3 |
BOTTOM OF THE 5TH |
Hollywood Shredders batting - Pitching for San Mateo Dirty Reds : LHP Jorge González
|
Batting: RHB Miguel Bustamante
|
0-0: Swinging Strike 0-1: Called Strike 0-2: Foul Ball, location: 2F 0-2: Ball 1-2: Foul Ball, location: 2F 1-2: TRIPLE (Line Drive, 89XD, EV 109.4 MPH)
|
Batting: RHB Tom Smythe
|
0-0: Called Strike 0-1: Ball 1-1: Ground out 6-3 (Groundball, 6, EV 89.4 MPH) Miguel Bustamante scores
|
Batting: RHB Jake White
|
0-0: Ball 1-0: Ball 2-0: Called Strike 2-1: Foul Ball, location: 2F 2-2: Fly out, F9 (Flyball, 9D, EV 97.5 MPH)
|
Batting: LHB Yamato Sato
|
0-0: Ball 1-0: SINGLE (Groundball, 34D, EV 108.1 MPH)
|
Batting: LHB Trent Brown
|
0-0: Called Strike 0-1: Ball 1-1: Ball 2-1: Ball 3-1: Foul Ball, location: 2F 3-2: Foul Ball, location: 2F 3-2: Ground out 2-3 (Groundball, 2R, EV 64.4 MPH)
|
Bottom of the 5th over - 1 run, 2 hits, 0 errors, 1 left on base; San Mateo 5 - Hollywood 4 |
TOP OF THE 6TH |
San Mateo Dirty Reds batting - Pitching for Hollywood Shredders : RHP Gian-Carlo Maneilli
|
Batting: RHB José Avilés
|
0-0: Ball 1-0: Ball 2-0: Called Strike 2-1: Called Strike 2-2: SINGLE (Groundball, 6D, EV 108.1 MPH)
|
Batting: RHB Kawenaula Alohalani
|
0-0: Ball 1-0: Called Strike 1-1: Grounds into double play, 6-4-3 (Groundball, 6, EV 85.0 MPH)
|
Batting: RHB Emílio Soto
|
0-0: Foul Ball, location: 2F 0-1: SINGLE (Groundball, 56D, EV 100.0 MPH)
|
Batting: RHB Jorge Martínez
|
0-0: Ball 1-0: Ball 2-0: Ball 3-0: Base on Balls Emílio Soto to second
|
Batting: LHB Niek Breugelmans
|
0-0: Ball 1-0: Ball Wild Pitch! Emílio Soto to third Jorge Martínez to second 2-0: Called Strike 2-1: Called Strike 2-2: Strikes out swinging
|
Top of the 6th over - 0 runs, 2 hits, 0 errors, 2 left on base; San Mateo 5 - Hollywood 4 |
BOTTOM OF THE 6TH |
Hollywood Shredders batting - Pitching for San Mateo Dirty Reds : LHP Jorge González
|
Batting: RHB Adrián Serrano
|
0-0: Ball 1-0: Ball 2-0: Called Strike 2-1: Ground out 6-3 (Groundball, 6, EV 98.1 MPH)
|
Batting: RHB Daniel MacKinder
|
0-0: Ball 1-0: Foul Ball, location: 2F 1-1: Ball 2-1: Foul Ball, location: 2F 2-2: Ball 3-2: Foul Ball, location: 2F 3-2: SINGLE (Groundball, 5S, EV 70.0 MPH) (infield hit)
|
Batting: LHB Mitsuoki Sugimoto
|
0-0: Grounds into double play, 4-6-3 (Groundball, 34S, EV 83.1 MPH)
|
Bottom of the 6th over - 0 runs, 1 hit, 0 errors, 0 left on base; San Mateo 5 - Hollywood 4 |
TOP OF THE 7TH |
San Mateo Dirty Reds batting - Pitching for Hollywood Shredders : RHP Gian-Carlo Maneilli
|
Batting: SHB Jae-woo Ohm
|
0-0: Ground out U3 (Groundball, 3L, EV 82.5 MPH)
|
Batting: LHB Matsusuke Saikawa
|
0-0: Ball 1-0: Ball 2-0: Ball 3-0: Base on Balls
|
Batting: LHB Quitério Ruah
|
0-0: Foul Ball, location: 2F 0-1: Ball 1-1: Called Strike 1-2: DOUBLE (Line Drive, 9LS, EV 92.5 MPH) Matsusuke Saikawa to third Runner from 3rd tries for Home, SAFE, no throw by RF
|
Pitching: LHP Jeffery Meyers
|
|
Batting: SHB Rich Dalzell
|
0-0: Foul Ball, location: 2F 0-1: Ball 1-1: Foul Ball, location: 2F 1-2: Strikes out looking
|
Batting: RHB José Avilés
|
0-0: Ball 1-0: Ball 2-0: Ground out 3-1 (Groundball, 34S, EV 88.1 MPH)
|
Top of the 7th over - 1 run, 1 hit, 0 errors, 1 left on base; San Mateo 6 - Hollywood 4 |
BOTTOM OF THE 7TH |
Hollywood Shredders batting - Pitching for San Mateo Dirty Reds : LHP Jorge González
|
Batting: RHB Lautaro Lacasa
|
0-0: Swinging Strike 0-1: Ball 1-1: Called Strike 1-2: Foul Ball, location: 2F 1-2: Fly out, F7 (Flyball, 7, EV 87.5 MPH)
|
Pitching: RHP Michael Donovan
|
|
Batting: RHB Miguel Bustamante
|
0-0: SOLO HOME RUN (Flyball, 7D, EV 99.4 MPH), Distance : 391 ft
|
Batting: RHB Tom Smythe
|
0-0: Ball 1-0: Called Strike 1-1: Foul Ball, location: 2F 1-2: Ball 2-2: SINGLE (Groundball, 56, EV 81.2 MPH) (infield hit)
|
Batting: RHB Jake White
|
0-0: Ball 1-0: Called Strike Tom Smythe is caught stealing 2nd base 2-4 1-1: Called Strike 1-2: Ball 2-2: Ball 3-2: Foul Ball, location: 2F 3-2: Strikes out swinging
|
Bottom of the 7th over - 1 run, 2 hits, 0 errors, 0 left on base; San Mateo 6 - Hollywood 5 |
TOP OF THE 8TH |
San Mateo Dirty Reds batting - Pitching for Hollywood Shredders : LHP Jeffery Meyers
|
Pitching: RHP Tom DeHart
|
|
Batting: RHB Kawenaula Alohalani
|
0-0: Ball 1-0: Foul Ball, location: 2F 1-1: Foul Ball, location: 2F 1-2: Ball 2-2: Ball 3-2: Base on Balls
|
Batting: RHB Emílio Soto
|
0-0: Sac Bunt to 15S - play at first, batter OUT! 1-3 Kawenaula Alohalani to second
|
Batting: RHB Jorge Martínez
|
0-0: Foul Ball, location: 2F 0-1: Called Strike 0-2: Ball 1-2: Strikes out swinging
|
Batting: LHB Niek Breugelmans
|
0-0: Fly out, F8 (Flyball, 89M, EV 85.0 MPH)
|
Top of the 8th over - 0 runs, 0 hits, 0 errors, 1 left on base; San Mateo 6 - Hollywood 5 |
BOTTOM OF THE 8TH |
Hollywood Shredders batting - Pitching for San Mateo Dirty Reds : RHP Michael Donovan
|
Batting: LHB Yamato Sato
|
0-0: Foul Ball, location: 2F 0-1: Ball 1-1: Ball 2-1: Foul Ball, location: 2F 2-2: Foul Ball, location: 2F 2-2: Fly out, F8 (Flyball, 8RD, EV 94.4 MPH)
|
Batting: LHB Trent Brown
|
0-0: Called Strike 0-1: Foul Ball, location: 2F 0-2: Fly out, F8 (Flyball, 8LD, EV 81.9 MPH)
|
Batting: RHB Adrián Serrano
|
0-0: Ball 1-0: Ball 2-0: Called Strike 2-1: Foul Ball, location: 2F 2-2: Foul Ball, location: 2F 2-2: Ball 3-2: Base on Balls
|
Batting: RHB Daniel MacKinder
|
0-0: Called Strike 0-1: Swinging Strike 0-2: Ball 1-2: DOUBLE (Line Drive, 8LXD, EV 100.0 MPH) Adrián Serrano to third
|
Batting: LHB Mitsuoki Sugimoto
|
0-0: Ball 1-0: Swinging Strike 1-1: Called Strike 1-2: Ball 2-2: Foul Ball, location: 2F 2-2: Ball 3-2: Foul Ball, location: 2F 3-2: Strikes out swinging
|
Bottom of the 8th over - 0 runs, 1 hit, 0 errors, 2 left on base; San Mateo 6 - Hollywood 5 |
TOP OF THE 9TH |
San Mateo Dirty Reds batting - Pitching for Hollywood Shredders : RHP Tom DeHart
|
Batting: SHB Jae-woo Ohm
|
0-0: Called Strike 0-1: Foul Ball, location: 2F 0-2: Ball 1-2: Strikes out looking
|
Batting: LHB Matsusuke Saikawa
|
0-0: Called Strike 0-1: Ball 1-1: Hit by Pitch
|
Batting: LHB Quitério Ruah
|
0-0: Ball 1-0: Ball 2-0: Fly out, F6 (Line Drive, 6, EV 73.8 MPH)
|
Batting: SHB Rich Dalzell
|
0-0: Ball Matsusuke Saikawa steals 2nd base 1-0: Ball 2-0: Called Strike 2-1: Ball 3-1: DOUBLE (Groundball, 3L, EV 101.9 MPH) Matsusuke Saikawa scores
|
Pinch Hitting: LHB Sasha Mamchenko
|
0-0: Ball 1-0: SINGLE (Groundball, 4MD, EV 94.4 MPH) Rich Dalzell to third Runner from 3rd tries for Home, SAFE, throw by CF to home
|
Batting: RHB Kawenaula Alohalani
|
0-0: Ball 1-0: Swinging Strike 1-1: Ball 2-1: Swinging Strike 2-2: Ball 3-2: Strikes out looking
|
Top of the 9th over - 2 runs, 2 hits, 0 errors, 1 left on base; San Mateo 8 - Hollywood 5 |
BOTTOM OF THE 9TH |
Hollywood Shredders batting - Pitching for San Mateo Dirty Reds : RHP Michael Donovan
|
Pitching: RHP Monte Evans
|
|
Now at C: Cleaver Greene
|
|
Batting: RHB Lautaro Lacasa
|
0-0: Called Strike 0-1: Ball 1-1: Ball 2-1: Ball 3-1: Base on Balls
|
Batting: RHB Miguel Bustamante
|
0-0: Foul Ball, location: 2F 0-1: Called Strike 0-2: Ball 1-2: Ball 2-2: Strikes out swinging
|
Pinch Hitting: LHB Jorge Herrera
|
0-0: Swinging Strike 0-1: Ball 1-1: Foul Ball, location: 2F 1-2: Ball 2-2: Foul Ball, location: 2F 2-2: Ball 3-2: 2-RUN HOME RUN (Flyball, 9D, EV 98.8 MPH), Distance : 381 ft
|
Batting: RHB Jake White
|
0-0: Foul Ball, location: 2F 0-1: Called Strike 0-2: Hit by Pitch, AND HE CHARGES THE MOUND! The benches clear!
|
Pitching: RHP Justin Frederick
|
|
Now at 1B: Calvin Chappell
|
|
Pinch Runner at 1st Jack McCusker:
|
|
Batting: LHB Yamato Sato
|
0-0: Ball 1-0: Called Strike 1-1: Ball 2-1: Swinging Strike 2-2: Fly out, F7 (Flyball, 78S, EV 87.5 MPH)
|
Batting: LHB Trent Brown
|
0-0: Fly out, F9 (Line Drive, 9, EV 91.2 MPH)
|
Bottom of the 9th over - 2 runs, 1 hit, 0 errors, 1 left on base; San Mateo 8 - Hollywood 7 |
|